 Dungeon Crawl Stone Soup version 0.28-a0-1447-ga5a8893891 (webtiles) character file.

Game seed: 4941228817228265934

242 derath95 the Digger (level 5, -4/38 HPs)
             Began as a Draconian Earth Elementalist on Jan 10, 2022.
             Killed by divine providence
             ... invoked by an orc priest
              (15 damage)
             ... on level 5 of the Dungeon.
             The game lasted 00:11:13 (4282 turns).

derath95 the Digger (Draconian Earth Elementalist)  Turns: 4282, Time: 00:11:16

Health: -4/38      AC:  5    Str: 11    XL:     5   Next: 81%
Magic:  6/11       EV: 12    Int: 17    God:
Gold:   129        SH:  0    Dex: 11    Spells: 6/12 levels left

rFire   . . .      SeeInvis .   q - +1 war axe (vorpal)
rCold   . . .      Faith    .   h - orb {light}
rNeg    . . .      Spirit   .   (armour unavailable)
rPois   .          Reflect  .   (helmet restricted)
rElec   .          Harm     .   (no cloak)
rCorr   .          Rampage  .   (no gloves)
Will    .....                   (no boots)
Stlth   +.........              (no amulet)
HPRegen 0.12/turn               (no ring)
MPRegen 0.12/turn               (no ring)

@: glowing
A: AC +5, unfitting armour, cold-blooded
a: no special abilities


You were on level 5 of the Dungeon.
You visited 1 branch of the dungeon, and saw 5 of its levels.

You collected 129 gold pieces.

Inventory:

Hand Weapons
 o - a +0 flail
 q - a +1 vorpal war axe (weapon)
Missiles
 b - 43 stones
Armour
 h - an orb of light (worn)
Jewellery
 i - a +6 ring of dexterity
 r - a ring of wizardry
Wands
 d - a wand of iceblast (5)
 n - a wand of digging (4)
Scrolls
 a - a scroll of fear {unknown}
 c - 2 scrolls of fog {unknown}
 f - a scroll of teleportation {unknown}
 g - 2 scrolls of blinking {unknown}
 k - a scroll of silence {unknown}
 l - 2 scrolls of identify {unknown}
 m - a scroll of summoning {unknown}
Potions
 e - 2 potions of might {unknown}
 j - 2 potions of curing {unknown}
 p - a potion of flight {unknown}


   Skills:
 - Level 1.8 Dodging
 - Level 1.8 Stealth
 + Level 4.1 Spellcasting
 - Level 1.0 Transmutations
 + Level 5.1 Earth Magic


You had 6 spell levels left.
You knew the following spells:

 Your Spells              Type           Power      Damage    Failure   Level
a - Sandblast             Erth           40%        2d10      1%          1
b - Passwall              Tmut/Erth      11%        N/A       7%          2
c - Stone Arrow           Conj/Erth      24%        3d8       16%         3

Your spell library contained the following spells:

 Spells                   Type           Power      Damage    Failure   Level
 Petrify                  Tmut/Erth      14%        N/A       41%         4


Dungeon Overview and Level Annotations

Branches:
Dungeon (5/15)
 Temple: D:4-7

Altars:

Shops:
D:1 [


Innate Abilities, Weirdness & Mutations

Your plain brown scales are hard. (AC +5)
You cannot fit into any form of body armour.
You are cold-blooded and may be slowed by cold attacks.


Message History

Aiming: Sandblast (safe; 1% risk of failure)
Press: ? - help, Shift-Dir - straight line, f/p - orc wizard
Aim: an orc wizard, wielding a +0 dagger and wearing a +0 robe (haloed, 82% to hit)
The blast of sand hits the orc wizard.
The orc wizard is heavily wounded.
The orc wizard hits you with a +0 dagger.
Casting: Sandblast (safe; 1% risk of failure)
Confirm with . or Enter, or press ? or * to list all spells.
Aiming: Sandblast (safe; 1% risk of failure)
Press: ? - help, Shift-Dir - straight line, f/p - orc wizard
Aim: an orc wizard, wielding a +0 dagger and wearing a +0 robe (heavily wounded, haloed, 82% to hit)
The blast of sand hits the orc wizard!
The orc wizard is almost dead.
The orc wizard hits you with a +0 dagger.
The orc priest mumbles some strange prayers to Beogh against you.
Beogh smites you!
You hear a shout!
Casting: Sandblast (safe; 1% risk of failure)
Confirm with . or Enter, or press ? or * to list all spells.
Aiming: Sandblast (safe; 1% risk of failure)
Press: ? - help, Shift-Dir - straight line, f/p - orc wizard
Aim: an orc wizard, wielding a +0 dagger and wearing a +0 robe (almost dead, haloed, 82% to hit)
The blast of sand hits the orc wizard.
You kill the orc wizard!
Casting: Sandblast (safe; 1% risk of failure)
Confirm with . or Enter, or press ? or * to list all spells.
Aiming: Sandblast (safe; 1% risk of failure)
Press: ? - help, Shift-Dir - straight line, f - orc priest
Aim: an orc priest, wielding a +0 short sword and wearing a +0 scale mail (haloed, 87% to hit)
The blast of sand hits the orc priest!
The orc priest is severely wounded.
The orc hits you with a +0 hand axe.
You hit the orc priest but do no damage.
The orc priest is severely wounded.
You hit the orc. The orc hits you with a +0 hand axe.
* * * LOW HITPOINT WARNING * * *
An orc comes into view.
It is wielding a +0 falchion of electrocution.
The orc priest calls down the wrath of Beogh upon you.
Beogh smites you!
You die...

....... #.....?
#..$.# ##....###
#.......#.
#.........
####.........
#.@o.../.$...
##o##.........
#..##.........
#......#<....o$....
#....$)#...........
#......#...........
#..........o.......
#......##..o.......
#...... #..........


You could see an orc priest and 2 orcs.

Vanquished Creatures
  A hound (D:4)
  An iguana (D:4)
  2 orc wizards
  A hound skeleton (D:4)
  Robin (D:2)
  2 adders
  A worm (D:4)
  A dart slug (D:4)
  4 orcs
  8 endoplasms
  13 goblins
  6 hobgoblins
  2 jackals (D:3)
  10 kobolds
  3 quokkas
  6 ball pythons
  8 bats
  4 frilled lizards
  8 rats
82 creatures vanquished.

Vanquished Creatures (others)
  4 demonic plants (D:1)
  A withered plant (D:1)
5 creatures vanquished.

Grand Total: 87 creatures vanquished

Notes
Turn   | Place    | Note
-------+----------+-------------------------------------------
     0 | D:1      | derath95 the Draconian Earth Elementalist began the quest
                  | for the Orb.
     0 | D:1      | Reached XP level 1. HP: 14/14 MP: 3/3
    18 | D:1      | Found a faded altar of an unknown god.
   140 | D:1      | Reached XP level 2. HP: 6/20 MP: 0/5
  1013 | D:1      | Reached XP level 3. HP: 26/26 MP: 4/6
  1414 | D:1      | Found Gucroima's Armour Shoppe.
  1853 | D:2      | Noticed Robin
  1877 | D:2      | Killed Robin
  1878 | D:2      | Reached skill level 4 in Earth Magic
  1878 | D:2      | Reached XP level 4. HP: 31/33 MP: 3/8
  2270 | D:2      | You fall into a shaft and drop 1 floor!
  3555 | D:4      | Learned a level 2 spell: Passwall
  3559 | D:4      | Learned a level 3 spell: Stone Arrow
  3659 | D:4      | Reached XP level 5. HP: 25/38 MP: 10/10
  4017 | D:4      | Reached skill level 5 in Earth Magic
  4264 | D:5      | Entered Level 5 of the Dungeon
  4282 | D:5      | Killed from afar by an orc priest

Illustrated notes

Levels and vault maps discovered:
D:1:      dpeg_arrival_round_a, layout_basic, serial_shops, nicolae_square_shop,
          shapermc_ecumenical_altar_gd, minmay_misc_feat_roman, eino_curves_04
D:2:      layout_basic, uniq_robin
D:3:      layout_loops_ring
D:4:      layout_rooms
D:5:      layout_rooms

Skill      XL: |  1  2  3  4  5 |
---------------+----------------+-----
Spellcasting   | 3 4 |  4.1
Earth Magic    | 4 5 |  5.1
Dodging        | |  1.8
Stealth        | |  1.8
Transmutations | |  1.0

Action                   |  1- 3 |  4- 6 || total
-------------------------+-------+-------++-------
Melee: Short sword       |    54 |    26 ||    80
       Unarmed           |     2 |       ||     2
       Punch             |     2 |       ||     2
       Tailslap          |     5 |     9 ||    14
       War axe           |       |    27 ||    27
 Cast: Sandblast         |    35 |    35 ||    70
 Stab: Sleeping          |     1 |       ||     1
Armor: Skin              |    20 |    13 ||    33
Dodge: Dodged            |    40 |    37 ||    77

Table legend: (Time is in decaauts)
 A = Elapsed time spent in this place.
 B = Non-inter-level travel time spent in this place.
 C = Inter-level travel time spent in this place.
 D = Time resting spent in this place.
 E = Time spent auto-exploring this place.
 F = Levels seen in this place.
 G = Mean time per level.
                   A        B        C        D        E       F      G
               +--------+--------+--------+--------+--------+-----+--------+
         Total |   4282 |   4165 |    117 |     13 |   3439 |   5 |  856.4 |
       Dungeon |   4282 |   4165 |    117 |     13 |   3439 |   5 |  856.4 |
               +--------+--------+--------+--------+--------+-----+--------+

Top non-repeatable levels by time:
     D:1: 1541 daAuts
     D:3: 1027 daAuts
     D:2: 915 daAuts
     D:4: 781 daAuts
     D:5: 17 daAuts
